 Dungeon Crawl Stone Soup version 0.16.1-18-g436b03c (webtiles) character file.

177 masdan the Cudgeler (level 5, 0/91 HPs)
             Began as an Ogre Berserker on Apr 29, 2015.
             Was a Believer of Trog.
             Succumbed to Jessica's poison
             ... on level 3 of the Dungeon.
             The game lasted 00:09:25 (2136 turns).

masdan the Cudgeler (Ogre Berserker)                Turns: 2136, Time: 00:09:25

Health: 0/91       AC:  3    Str: 28    XL:     5   Next: 57%
Magic:  5/5        EV: 10    Int:  6    God:    Trog [**....]
Gold:   171        SH:  0    Dex:  9    Spells: 0 memorised, 4 levels left

rFire  . . .     SeeInvis .     m - +0 mace
rCold  . . .     Clarity  .     x - +0 robe
rNeg   + . .     SustAb   .     (shield restricted)
rPois  .         Gourm    .     (helmet restricted)
rElec  .         Spirit   .     (no cloak)
rCorr  .         Warding  .     (gloves unavailable)
rMut   .         Stasis   .     (boots unavailable)
MR     .....                    q - amulet of regeneration
Stlth  ..........               (no ring)
                                g - ring of positive energy

@: berserking (expiring), lethally poisoned (0 -> -6), very quick, not resistant
to hostile enchantments, extremely unstealthy
A: unfitting armour, tough skin 1
a: Burn Spellbooks, Berserk, Trog's Hand, Renounce Religion


You were on level 3 of the Dungeon.
You worshipped Trog.
Trog was pleased with you.
You were not hungry.

You visited 1 branch of the dungeon, and saw 3 of its levels.

You collected 171 gold pieces.

Inventory:

Hand weapons
 a - a +0 mace
 d - a +0 club
 h - a +0 club
 m - a +0 mace (weapon)
 n - a +0 mace
Armour
 b - a +0 animal skin
 e - a +0 chain mail
 f - a +0 pair of gloves
 x - a +0 robe (worn)
Jewellery
 g - a ring of positive energy (left hand)
 q - an amulet of regeneration (around neck)
 w - a cursed ring of loudness {unknown}
Scrolls
 l - 2 scrolls of teleportation {unknown}
 p - 2 scrolls of fog {unknown}
Potions
 j - a potion of degeneration {unknown}
 k - a potion of lignification {unknown}
 o - a potion of restore abilities {unknown}
 r - a potion of cancellation {unknown}
 s - a potion of heal wounds {unknown}
 t - a potion of poison {unknown}
 v - a potion of curing {unknown}
Comestibles
 c - 2 meat rations
 i - 2 beef jerkies
 u - 5 chunks of flesh


   Skills:
 * Level 6.3 Fighting
 * Level 6.3 Maces & Flails
 - Level 1.5 Armour
 - Level 1.7 Dodging


You had 4 spell levels left.
You didn't know any spells.

Dungeon Overview and Level Annotations

Branches:
Dungeon (3/15)

Altars:
Elyvilon
Fedhas
Okawaru
Sif Muna
Zin


Innate Abilities, Weirdness & Mutations

You are too large for most types of armour.
You have tough skin (AC +1).


Message History

Eat one of 6 chunks of flesh? (ye/n/q/i?) This raw flesh tastes terrible.
* * * LOW HITPOINT WARNING * * *
You feel sick.
You continue eating.
* * * LOW HITPOINT WARNING * * *
You feel sick.
You continue eating.
* * * LOW HITPOINT WARNING * * *
You feel sick.
You are too berserk!
Unknown command.
There is a lethal amount of poison in your body!
There is a lethal amount of poison in your body!
There is a lethal amount of poison in your body!
There is a lethal amount of poison in your body!
You feel a strong urge to attack something.
* * * LOW HITPOINT WARNING * * *
You feel sick.
You die...

###.#### . ##.....#..
#.. ... ...#.######
#.####.##..#........ #
#.# ....#.......... #
#.# #............ #
#.#.###.#..$..######. #
#.#...............$..#
# #.######.##..@######.
####..................#
.....######.###.......#
####............#.....#
# ########.###.#.###.#
#.# #.#.# # #.# #.#..
#.# #.#.# #.# . #


There were no monsters in sight!

Vanquished Creatures
  A giant frog (D:3)
  Jessica (D:3)
  5 adders
  2 giant geckos (D:1)
  2 ball pythons
  A giant cockroach (D:3)
  7 goblins
  5 hobgoblins
  4 jackals (D:3)
  4 bats (D:2)
  2 giant newts (D:1)
  7 kobolds
  6 rats
47 creatures vanquished.

Notes
Turn   | Place    | Note
--------------------------------------------------------------
     0 | D:1      | masdan, the Ogre Berserker, began the quest for the Orb.
     0 | D:1      | Reached XP level 1. HP: 24/24 MP: 1/1
   111 | D:1      | Reached XP level 2. HP: 7/33 MP: 2/2
  1023 | D:2      | Acquired Trog's second power
  1109 | D:2      | Found a white marble altar of Elyvilon.
  1109 | D:2      | Found a deep blue altar of Sif Muna.
  1112 | D:2      | Found a glowing silver altar of Zin.
  1114 | D:2      | Found a blossoming altar of Fedhas.
  1114 | D:2      | Found an iron altar of Okawaru.
  1156 | D:2      | Reached skill level 5 in Maces & Flails
  1156 | D:2      | Reached XP level 3. HP: 31/40 MP: 3/3
  1547 | D:2      | Reached skill level 5 in Fighting
  1602 | D:2      | Reached XP level 4. HP: 47/50 MP: 4/4
  2109 | D:3      | Noticed Jessica
  2112 | D:3      | Noticed a giant frog
  2126 | D:3      | Killed Jessica
  2130 | D:3      | Killed a giant frog
  2130 | D:3      | Reached skill level 6 in Fighting
  2130 | D:3      | Reached XP level 5. HP: 6/61 MP: 5/5
  2130 | D:3      | HP: 4/91 [poisoned by Jessica]
  2134 | D:3      | HP: 1/91 [poisoned by Jessica]
  2136 | D:3      | Succumbed to Jessica's poison

Action                   |  1- 3 |  4- 6 || total
-------------------------+-------+-------++-------
Melee: Mace              |   101 |    61 ||   162
Invok: Berserk           |       |     1 ||     1
  Eat: Chunk             |     1 |     4 ||     5
